 Dungeon Crawl Stone Soup version 0.21-a0-404-g291f19a (webtiles) character file.

81 karf the Firebug (level 4, -1/42 HPs)
             Began as an Ogre Fire Elementalist on Oct 31, 2017.
             Killed by divine providence
             ... invoked by an orc priest
              (12 damage)
             ... on level 3 of the Dungeon.
             The game lasted 00:09:31 (2919 turns).

karf the Firebug (Ogre Fire Elementalist)           Turns: 2919, Time: 00:09:31

Health: -1/42      AC:  3    Str: 12    XL:     4   Next: 40%
Magic:  2/8        EV: 10    Int: 17    God:
Gold:   164        SH:  0    Dex:  9    Spells: 8/9 levels left

rFire    . . .     SeeInvis .   (no weapon)
rCold    . . .     Gourm    .   (no shield)
rNeg     . . .     Faith    .   a - +0 robe
rPois    .         Spirit   .   (helmet restricted)
rElec    .         Reflect  .   (no cloak)
rCorr    .         Harm     .   (gloves unavailable)
MR       .....                  (boots unavailable)
Stlth    +.........             (no amulet)
HPRegen  0.14/turn              (no ring)
MPRegen  0.11/turn              (no ring)

@: very slightly contaminated
A: unfitting armour, tough skin 1
a: no special abilities


You were on level 3 of the Dungeon.
You were very hungry.

You visited 1 branch of the dungeon, and saw 3 of its levels.

You collected 164 gold pieces.

Inventory:

Hand Weapons
 z - a +2 vampiric morningstar
Armour
 a - a +0 robe (worn)
 q - a +0 shield
Jewellery
 s - an uncursed amulet of guardian spirit {unknown}
Wands
 u - a wand of lightning (10/15)
Scrolls
 d - 6 scrolls of identify {unknown}
 f - 3 scrolls of magic mapping {unknown}
 k - a scroll of amnesia {unknown}
 m - a scroll of fog {unknown}
 p - a scroll of remove curse {unknown}
 v - a scroll of teleportation {unknown}
 x - a scroll of enchant armour {unknown}
 y - a scroll of enchant weapon {unknown}
Potions
 g - a potion of brilliance {unknown}
 h - 2 potions of mutation {unknown}
 i - 2 potions of curing {unknown}
 j - 2 potions of degeneration {unknown}
 n - a potion of flight {unknown}
 r - a potion of agility {unknown}
 t - a potion of cancellation {unknown}
Books
 b - a book of Flames

   Spells                             Type                      Level
   a - Flame Tongue                   Conjuration/Fire             1
   b - Throw Flame                    Conjuration/Fire             2
   c - Conjure Flame                  Conjuration/Fire             3
   d - Inner Flame                    Hexes/Fire                   3
   e - Sticky Flame                   Conjuration/Fire             4
   f - Fireball                       Conjuration/Fire             5
Comestibles
 c - 2 bread rations
 l - 2 royal jellies
 o - 5 meat rations
 w - 3 fruits


   Skills:
 + Level 1.9 Fighting
 - Level 1.7 Dodging
 - Level 1.4 Stealth
 + Level 0.6 Shields
 - Level 3.0 Spellcasting
 + Level 1.7 Conjurations
 * Level 3.5 Fire Magic


You had 8 spell levels left.
You knew the following spells:

 Your Spells              Type           Power        Failure   Level  Hunger
a - Flame Tongue          Conj/Fire      ##...        6%          1    None


Dungeon Overview and Level Annotations

Branches:
Dungeon (3/15)

Altars:


Innate Abilities, Weirdness & Mutations

You are too large for most types of armour.
You have tough skin. (AC +1)


Message History

Confirm with . or Enter, or press ? or * to list all spells.
Aiming: Flame Tongue
Press: ? - help, Shift-Dir - straight line, f/p - orc priest
Aim: an orc priest, wielding a dagger and wearing a leather armour (lightly wounded)
You miscast Flame Tongue.
You are very lightly contaminated with residual magic.
Nothing appears to happen.
The orc priest mumbles some strange prayers to Beogh against you.
Beogh smites you!
* * * LOW HITPOINT WARNING * * *
Casting: Flame Tongue
Confirm with . or Enter, or press ? or * to list all spells.
Aiming: Flame Tongue
Press: ? - help, Shift-Dir - straight line, f/p - orc priest
Aim: an orc priest, wielding a dagger and wearing a leather armour (lightly wounded)
The flame tongue hits the orc priest.
The orc priest appears unharmed.
The orc priest is lightly wounded.
The orc priest mumbles some strange prayers to Beogh against you.
Beogh smites you!
You die...

.†..÷................####....#...
######..^..........#.)....#..####
######.............#.....#...#.##
#.................##..[..#.#.#.##
#........................#.#.#...
#..................##..........##
#.................###....#.#.###
#...............†.....####.#.#
#........###..#.@o.#### #...#
#........# ##.#.#..# #####
########## #...#..# #######
##..#..####.....#
#..#...........# ##.......†.....#
#.#...........# #.#.#####.....#
#.#.# #######


You could see an orc priest.

Vanquished Creatures
  An adder (D:3)
  2 oozes
  2 dart slugs
  A leopard gecko (D:3)
  4 orcs
  5 bats
  3 giant cockroaches (D:1)
  7 goblins
  6 hobgoblins
  A quokka (D:3)
  5 frilled lizards
  7 kobolds
  7 rats
51 creatures vanquished.

Notes
Turn   | Place    | Note
-------+----------+-------------------------------------------
     0 | D:1      | karf the Ogre Fire Elementalist began the quest for the Orb.
     0 | D:1      | Reached XP level 1. HP: 16/16 MP: 3/3
    80 | D:1      | Reached skill level 1 in Conjurations
   164 | D:1      | Reached XP level 2. HP: 20/26 MP: 0/5
   181 | D:1      | Reached skill level 1 in Fighting
   465 | D:1      | Reached XP level 3. HP: 28/33 MP: 5/7
  2052 | D:3      | Reached XP level 4. HP: 37/42 MP: 0/8
  2616 | D:2      | HP: 2/42 [orc/dagger (2)]
  2919 | D:3      | Killed from afar by an orc priest

Vault maps used:
D:1:      dpeg_arrival_three_smaller_balls, minmay_hexomino_c4
D:3:      first_bread

Skill      XL: |  1  2  3 |
---------------+----------+-----
Conjurations   | 1 |  1.7
Fire Magic     | 3 |  3.5
Fighting       | 1 |  1.9
Spellcasting   | 3 |  3.0
Dodging        | |  1.7
Stealth        | |  1.4
Shields        | |  0.6

Action                   |  1- 3 |  4- 6 || total
-------------------------+-------+-------++-------
Melee: Club              |    36 |     6 ||    42
       Unarmed           |     1 |    22 ||    23
 Cast: Flame Tongue      |    52 |    30 ||    82
  Eat: Chunk             |     4 |     1 ||     5
Armor: Robe              |    14 |    19 ||    33
Dodge: Dodged            |    30 |    27 ||    57

Table legend:
 A = Spawn XP
 B = Non-spawn XP
 C = Spawn XP percentage of total XP
 D = Spawn monster count
 E = Non-spawn monster count
 F = Spawn count percentage of total count
 G = Total turns spent on level
                    A         B        C        D         E        F      G
               +---------+---------+-------+---------+---------+-------+---------
         Total |       0 |     116 |   0.0 |       0 |      51 |   0.0 |  2919
               +---------+---------+-------+---------+---------+-------+---------
           D:1 |       0 |      43 |   0.0 |       0 |      25 |   0.0 |  1022
           D:2 |       0 |      25 |   0.0 |       0 |      12 |   0.0 |  1270
           D:3 |       0 |      48 |   0.0 |       0 |      14 |   0.0 |   627
               +---------+---------+-------+---------+---------+-------+---------
